 Dungeon Crawl Stone Soup version 0.17-a0-1714-g35622ae (webtiles) character file.

2030 kae the Carver (level 9, -4/70 HPs)
             Began as a Minotaur Fighter on Aug 23, 2015.
             Slain by a wight
             ... wielding a +1 halberd
              (8 damage)
             ... on level 6 of the Dungeon.
             The game lasted 00:06:17 (6091 turns).

kae the Carver (Minotaur Fighter)                   Turns: 6091, Time: 00:06:18

Health: -4/70      AC:  7    Str: 27    XL:     9   Next: 3%
Magic:  8/8        EV:  7    Int:  7    God:
Gold:   295        SH:  9    Dex: 10    Spells: 0 memorised, 8 levels left

rFire  . . .     SeeInvis +     a - +1 long sword
rCold  . . .     Clarity  .     b - +1 scale mail
rNeg   . . .     SustAt   .     c - +0 shield
rPois  .         Gourm    .     (helmet restricted)
rElec  .         Spirit   .     (no cloak)
rCorr  .         Warding  .     (no gloves)
rMut   .         Stasis   .     (no boots)
MR     .....                    (no amulet)
Stlth  ..........               (no ring)
                                B - ring of see invisible

@: mighty, lethally poisoned (-4 -> -8), starving, drained, not resistant to
hostile enchantments, extremely unstealthy
A: retaliatory headbutt, horns 2
a: no special abilities


You were on level 6 of the Dungeon.
You were starving.

You visited 1 branch of the dungeon, and saw 6 of its levels.
You also visited: Ossuary.

You collected 393 gold pieces.
You spent 98 gold pieces at shops.

Inventory:

Hand weapons
 a - a +1 long sword (weapon)
Armour
 b - a +1 scale mail (worn)
 c - a +0 shield (worn)
Jewellery
 v - an uncursed ring of fire
 B - a ring of see invisible (left hand)
Magical devices
 d - a wand of enslavement (24)
 p - a wand of flame (25)
 z - a wand of draining (10)
 A - a wand of fireball (11)
 I - a wand of lightning (8)
Scrolls
 f - 3 scrolls of amnesia
 g - a scroll of recharging
 j - 2 scrolls of remove curse
 k - 4 scrolls of teleportation
 w - 2 scrolls of enchant armour
 y - a scroll of fear
Potions
 m - a potion of brilliance {unknown}
 o - 3 potions of mutation
 q - 2 potions of ambrosia
 r - a potion of haste {unknown}
 s - a potion of cancellation {unknown}
 t - 2 potions of degeneration
 C - a potion of heal wounds
 D - a potion of flight {unknown}
 E - 2 potions of poison
 G - a potion of lignification
Books
 l - a book of Minor Magic

   Spells                             Type                      Level
   a - Magic Dart                     Conjuration                  1
   b - Blink                          Translocation                2
   c - Call Imp                       Summoning                    2
   d - Repel Missiles                 Charms/Air                   2
   e - Slow                           Hexes                        2
   f - Conjure Flame                  Conjuration/Fire             3
   g - Mephitic Cloud                 Conjuration/Poison/Air       3
 u - a book of Clouds

   Spells                             Type                      Level
   a - Mephitic Cloud                 Conjuration/Poison/Air       3
   b - Conjure Flame                  Conjuration/Fire             3
   c - Poisonous Cloud                Conjuration/Poison/Air       6
   d - Freezing Cloud                 Conjuration/Ice/Air          6
   e - Ring of Flames                 Charms/Fire                  7
Comestibles
 e - 6 bread rations
 h - 2 beef jerkies
 i - 2 slices of pizza
 n - 5 meat rations
 x - a royal jelly


   Skills:
 - Level 3.6(3.0) Fighting
 + Level 13.7(12.9) Long Blades
 - Level 3.6(3.0) Armour
 - Level 3.6(3.0) Shields


You had 8 spell levels left.
You didn't know any spells.

Dungeon Overview and Level Annotations

Branches:
Dungeon (6/15)             Temple (0/1) D:6

Altars:
Ashenzari
Elyvilon
Gozag
Okawaru
Trog
Xom

Shops:
D:5 !   D:6 !


Innate Abilities, Weirdness & Mutations

You reflexively headbutt those who attack you in melee.
You have a pair of horns on your head.


Message History

You block the wight's attack.
The wight hits you from afar with an enchanted halberd.
* * * LOW HITPOINT WARNING * * *
You hit the giant frog skeleton but do no damage.
You feel sick.
You block the giant frog skeleton's attack.
You closely miss the wight.
The giant frog skeleton hits you but does no damage.
The wight hits you with a long sword.
* * * LOW HITPOINT WARNING * * *
The wight barely misses you.
You block the giant frog skeleton's attack.
You slash the giant frog skeleton! You headbutt the giant frog skeleton!
You destroy the giant frog skeleton!
You feel sick. The wight hits you with a long sword.
* * * LOW HITPOINT WARNING * * *
You feel drained.
* * * LOW HITPOINT WARNING * * *
The wight hits you from afar with an enchanted halberd!
You die...

#.###....## #..#
#.........#######..##
....................##
.....####............###
....## #..#######.....)#
...## ##..# #......... .###
##..## ##...#.............
.#####..##
#...####...(.......
....#..## ####)@##
..#......PP
.......#####...z## ..#
....._. #####.........z.#
##./# #....P. ##..........#
#...# ...... ##........##
#... ##†.... #...###..#
#..# ##....# ##..###..#
#..# #z....#
##..##...######..###.....#
##..........z.Z...##.Z....#


You could see 2 wights.

Vanquished Creatures
  Grinder (D:4)
  Eustachio (D:4)
  2 black bears (D:6)
  2 centaurs
  An ice beast (D:5)
  The ghost of kae the Slasher, an average MiFi (D:3)
  An ogre (D:4)
  2 giant frogs (D:6)
  An elf zombie (Ossuary)
  Blork the orc (D:5)
  2 scorpions
  A wight (D:6)
  A crimson imp (D:6)
  A quasit (D:6)
  2 centaur zombies
  An orc priest (D:4)
  2 giant frog skeletons
  3 worker ants
  3 orc wizards (D:4)
  A big kobold zombie (Ossuary)
  2 mummies (Ossuary)
  4 gnolls
  A worker ant zombie (D:5)
  7 adders
  2 oozes (D:2)
  5 adder zombies (Ossuary)
  4 worms
  An adder skeleton (D:4)
  6 orcs
  9 bats
  3 giant cockroaches
  10 goblins
  7 hobgoblins
  7 jackals
  A quokka (D:5)
  6 giant geckos
  2 giant gecko skeletons
  2 giant newts
  2 goblin zombies (Ossuary)
  6 hobgoblin zombies (Ossuary)
  2 jackal zombies (Ossuary)
  10 kobolds
  12 kobold zombies (Ossuary)
  7 orc zombies (Ossuary)
  9 rats
157 creatures vanquished.

Vanquished Creatures (others)
  A goblin (D:2)
  A hobgoblin (D:2)
2 creatures vanquished.

Grand Total: 159 creatures vanquished

Notes
Turn   | Place    | Note
--------------------------------------------------------------
     0 | D:1      | kae the Minotaur Fighter began the quest for the Orb.
     0 | D:1      | Reached XP level 1. HP: 19/19 MP: 0/0
   170 | D:1      | Reached XP level 2. HP: 26/26 MP: 1/1
   569 | D:1      | Reached skill level 4 in Long Blades
   637 | D:2      | Reached XP level 3. HP: 31/31 MP: 2/2
   726 | D:2      | Reached skill level 5 in Long Blades
   905 | D:2      | Reached XP level 4. HP: 28/39 MP: 3/3
  1114 | D:2      | Found a white marble altar of Elyvilon.
  1328 | D:2      | Reached skill level 6 in Long Blades
  1672 | D:3      | Found an opulent altar of Gozag.
  1676 | D:3      | Noticed kae's ghost (average MiFi)
  1685 | D:3      | Killed kae's ghost
  1685 | D:3      | Reached skill level 7 in Long Blades
  1685 | D:3      | Reached XP level 5. HP: 12/45 MP: 4/4
  2025 | D:3      | Found a shimmering altar of Xom.
  2234 | D:3      | Reached XP level 6. HP: 49/51 MP: 5/5
  2547 | D:4      | Found a sand-covered staircase.
  2552 | Ossuary  | Entered an ossuary
  2677 | Ossuary  | Reached skill level 8 in Long Blades
  3005 | D:4      | Found an iron altar of Okawaru.
  3011 | D:4      | Found a shattered altar of Ashenzari.
  3101 | D:4      | Reached skill level 9 in Long Blades
  3260 | D:4      | HP: 2/51 [orc priest/divine providence (15)]
  3263 | D:4      | Reached XP level 7. HP: 2/57 MP: 6/6
  3725 | D:4      | Noticed Grinder
  3739 | D:4      | Killed Grinder
  3739 | D:4      | Reached skill level 10 in Long Blades
  3951 | D:4      | Noticed Eustachio
  4003 | D:4      | Killed Eustachio
  4003 | D:4      | Reached skill level 11 in Long Blades
  4312 | D:4      | Reached XP level 8. HP: 37/64 MP: 7/7
  4541 | D:5      | Entered Level 5 of the Dungeon
  4628 | D:5      | Noticed Blork the orc
  4649 | D:5      | Killed Blork the orc
  4962 | D:5      | Found a shattered altar of Ashenzari.
  5027 | D:5      | Reached skill level 12 in Long Blades
  5212 | D:5      | Found Oguloq's Distillery.
  5220 | D:5      | Bought a potion of curing for 42 gold pieces
  5220 | D:5      | Bought a potion of poison for 14 gold pieces
  5220 | D:5      | Bought a potion of lignification for 42 gold pieces
  5317 | D:6      | Found Girchonue's Distillery.
  5429 | D:6      | Reached skill level 13 in Long Blades
  5805 | D:6      | Found a staircase to the Ecumenical Temple.
  6043 | D:6      | Found a bloodstained altar of Trog.
  6060 | D:6      | HP: 3/64 [scorpion (6)]
  6085 | D:6      | Reached XP level 9. HP: 27/70 MP: 8/8
  6091 | D:6      | Slain by a wight

Vault maps used:
D:1:      eino_arrival_cavern_a
D:2:      elyvilon_altar_4, first_bread, guppyfry_early_orc_mine
D:3:      overflow_temple_1_default, xom_teletrap_fun
D:4:      grunt_temple_overflow_open, nicolae_ossuary_entry_false_entrances,
          uniq_grinder, uniq_eustachio
D:5:      serial_shops, shop, basic_altar, uniq_blork_the_orc
D:6:      trog_ov_bears_minmay, minmay_temple_entry_from_below_b, serial_shops,
          shop
Ossuary:  ossuary_tomb_1

Action                   |  1- 3 |  4- 6 |  7- 9 || total
-------------------------+-------+-------+-------++-------
Melee: Long sword        |    99 |   207 |   200 ||   506
  Use: Scroll            |       |     8 |     7 ||    15
       Potion            |       |     2 |     6 ||     8
  Eat: Chunk             |       |     6 |     8 ||    14
       Pizza             |       |     1 |       ||     1
